 Dungeon Crawl Stone Soup version 0.25.0-15-gac7dcb8919 (webtiles) character file.

Game seed: 679661433287954313

7273 DungeonDestroyer the Blocker (level 11, -4/87 HPs)
             Began as a Gnoll Fighter on June 28, 2020.
             Was a Plaything of Xom.
             Slain by a manticore (5 damage)
             ... on level 11 of the Dungeon.
             The game lasted 00:23:11 (12002 turns).

DungeonDestroyer the Blocker (Gnoll Fighter)       Turns: 12002, Time: 00:23:12

Health: -4/87      AC: 16    Str: 18    XL:     11   Next: 12%
Magic:  19/19      EV: 11    Int:  9    God:    Xom [....*.]
Gold:   292        SH: 12    Dex: 16    Spells: 21/21 levels left

rFire    . . .     SeeInvis .   a - +1 war axe
rCold    . . .     Gourm    .   c - +1 kite shield
rNeg     . . .     Faith    .   I - +0 plate armour
rPois    .         Spirit   .   p - +0 helmet
rElec    .         Reflect  .   D - +0 cloak
rCorr    .         Harm     .   (no gloves)
MR       .....     Clarity  +   (no boots)
Stlth    ..........             B - amulet of the acrobat
HPRegen  0.24/turn              q - ring of flight
MPRegen  0.16/turn              u - +4 ring of evasion

@: no status effects
A: distributed training, fangs 1, hooves 1, blink, clarity, dopey 1, weak 1,
strong nose
a: Blink, Renounce Religion, Evoke Flight


You were on level 11 of the Dungeon.
You worshipped Xom.
You were a beloved toy of Xom.
You were not hungry.

You visited 2 branches of the dungeon, and saw 12 of its levels.

You collected 672 gold pieces.
You spent 380 gold pieces at shops.

Inventory:

Hand Weapons
 a - a +1 war axe (weapon)
 N - the +2 mace of Vapyfite {holy, rPois rF+}
   (You took it off an orc on level 10 of the Dungeon)

   It has been blessed by the Shining One to cause great damage to the undead
   and demons.
   It protects you from fire.
   It protects you from poison.
Missiles
 e - 143 stones (quivered)
 g - 63 bolts
 i - 26 poisoned darts
 k - a throwing net
 t - 64 arrows
 v - 41 sling bullets
 E - 16 boomerangs
 J - 4 silver javelins
 L - 6 silver boomerangs
Armour
 c - a +1 kite shield (worn)
 p - a +0 helmet (worn)
 D - a +0 cloak (worn)
 I - a +0 plate armour (worn)
Jewellery
 q - a ring of flight (left hand)
 u - a +4 ring of evasion (right hand)
 B - an amulet of the acrobat (around neck)
 M - a +6 ring of intelligence
Wands
 n - a wand of polymorph (6)
 x - a wand of disintegration (3)
 y - a wand of flame (34)
 A - a wand of clouds (5)
 F - a wand of digging (4)
 H - a wand of enslavement (6)
Scrolls
 j - 8 scrolls of identify
 l - 5 scrolls of amnesia
 m - 12 scrolls of remove curse
 o - 3 scrolls of enchant weapon
 r - 4 scrolls of teleportation
 s - 2 scrolls of fear
Potions
 d - 2 potions of might
 w - a potion of brilliance
 z - a potion of invisibility
 C - 2 potions of magic
 G - 3 potions of curing
 O - a potion of stabbing
 P - a potion of haste
 Q - a potion of heal wounds
Miscellaneous
 b - a phantom mirror
 R - a lightning rod (4/4)
Comestibles
 f - 7 rations
 K - 7 chunks of flesh


   Skills:
 + Level 8.9 Fighting
 + Level 5.9 Short Blades
 + Level 5.9 Long Blades
 + Level 7.5 Axes
 + Level 5.9 Maces & Flails
 + Level 5.9 Polearms
 + Level 5.9 Staves
 + Level 5.9 Slings
 + Level 5.9 Bows
 + Level 5.9 Crossbows
 + Level 5.9 Throwing
 + Level 8.9 Armour
 + Level 5.9 Dodging
 + Level 5.9 Stealth
 + Level 8.9 Shields
 + Level 5.9 Unarmed Combat
 + Level 5.9 Spellcasting
 + Level 4.8 Conjurations
 + Level 4.8 Hexes
 + Level 4.8 Charms
 + Level 4.8 Summonings
 + Level 4.8 Necromancy
 + Level 4.8 Translocations
 + Level 4.8 Transmutations
 + Level 4.8 Fire Magic
 + Level 4.8 Ice Magic
 + Level 4.8 Air Magic
 + Level 4.8 Earth Magic
 + Level 4.8 Poison Magic
 + Level 6.4 Invocations
 + Level 5.9 Evocations


You had 21 spell levels left.
You didn't know any spells.
Your spell library contained the following spells:

 Spells                   Type           Power        Failure   Level  Hunger
 Animate Skeleton         Necr           N/A          86%         1    None
 Corona                   Hex            ##.....      86%         1    None
 Magic Dart               Conj           ##..         86%         1    None
 Pain                     Necr           ##..         86%         1    None
 Sting                    Tmut/Pois      ##..         86%         1    None
 Ensorcelled Hibernation  Hex/Ice        ##....       94%         2    ##.....
 Passwall                 Tmut/Erth      ##......     94%         2    ##.....
 Poisonous Vapours        Pois/Air       ##....       94%         2    ##.....
 Searing Ray              Conj           ##....       94%         2    ##.....
 Slow                     Hex            ##......     94%         2    ##.....
 Swiftness                Chrm/Air       ##......     94%         2    ##.....
 Confusing Touch          Hex            ##......     99%         3    ###....
 Dazzling Flash           Conj/Hex       ##....       99%         3    ###....
 Ignite Poison            Fire/Tmut/Pois ##......     99%         3    ###....
 Inner Flame              Hex/Fire       ##......     99%         3    ###....
 Mephitic Cloud           Conj/Pois/Air  ##......     99%         3    ###....
 Portal Projectile        Hex/Tloc       ##....       99%         3    ###....
 Tukima's Dance           Hex            ##......     99%         3    ###....
 Vampiric Draining        Necr           ##........   99%         3    ###....
 Animate Dead             Necr           N/A          100%        4    ####...
 Cause Fear               Hex            ##........   100%        4    ####...
 Fulminant Prism          Conj/Hex       ##........   100%        4    ####...
 Iskenderun's Mystic Bla  Conj/Tloc      ##......     100%        4    ####...
 Leda's Liquefaction      Hex/Erth       ##........   100%        4    ####...
 Olgreb's Toxic Radiance  Pois           ##......     100%        4    ####...
 Passage of Golubria      Tloc           N/A          100%        4    ####...
 Agony                    Necr           ##......     100%        5    ######.
 Lee's Rapid Deconstruct  Erth           ##........   100%        5    ######.
 Darkness                 Hex            ##........   100%        6    #######
 Invisibility             Hex            ##......     100%        6    #######


Dungeon Overview and Level Annotations

Branches:
Dungeon (11/15)            Temple (1/1) D:7            Lair (0/6) D:10
    Orc (0/2) D:9

Altars:
Ashenzari
Cheibriados
Dithmenos
Elyvilon
Fedhas
Gozag
Hepliaklqana
Kikubaaqudgha
Makhleb
Nemelex Xobeh
Okawaru
Qazlal
Ru
Sif Muna
Trog
Uskayaw
Vehumet
Wu Jian
Xom
Yredelemnul
Zin
The Shining One

Shops:
D:7 *

Annotations:
D:10 exclusion: oklob plant


Innate Abilities, Weirdness & Mutations

Your experience applies equally to all skills.
You have very sharp teeth.
Your uncanny sense of smell can sniff out nearby items.
You have large cloven feet.
You can translocate small distances at will.
You possess an exceptional clarity of mind.
You are dopey. (Int -2)
You are weak. (Str -2)


Message History

You bite the manticore, but do no damage.
The manticore is heavily wounded.
The manticore bites you!
* * * LOW HITPOINT WARNING * * *
You block the manticore's attack.
The manticore claws you but does no damage.
You hit the manticore.
You kick the manticore, but do no damage.
The manticore is heavily wounded.
The manticore bites you but does no damage.
You block the manticore's attack. x2
Unknown command.
You hit the manticore.
You kick the manticore, but do no damage.
The manticore is heavily wounded.
The manticore bites you!
* * * LOW HITPOINT WARNING * * *
The manticore claws you.
You die...
Xom guffaws!

#..# #..# #..# #).# #..#
#..# #.. #.H# #..# #..
#.@# #..# #.. #.§# #..#
#.. #§○# #..# #.. #.☼#
#..# #.. #..# #..# #..
######..# #..# #<.
........######..######..
........................
########################


You could see a manticore.

Vanquished Creatures
  A two-headed ogre (D:10)
  Psyche (D:8)
  A troll (D:10)
  3 hippogriffs
  A wraith (D:10)
  2 wyverns (D:8)
  A water moccasin (D:9)
  Grum (D:11)
  An orc warrior (D:11)
  A sky beast (D:11)
  2 ice beasts
  3 phantoms
  A black bear (D:9)
  3 ogres
  3 wolves
  3 centaurs
  A crocodile (D:10)
  A big kobold (D:8)
  3 bullfrogs
  3 scorpions
  8 wights
  6 howler monkeys
  4 crimson imps
  A quasit (D:7)
  A bullfrog skeleton (D:8)
  A centaur zombie (D:5)
  2 jellies
  7 orc priests
  A centaur skeleton (D:6)
  3 hounds
  8 orc wizards
  2 iguanas (D:5)
  5 worker ants
  2 hound skeletons
  14 gnolls
  A howler monkey skeleton (D:4)
  11 adders
  2 shadow imps
  An ooze (D:3)
  4 worms
  A dart slug (D:3)
  3 leopard geckos
  39 orcs
  10 bats
  5 giant cockroaches
  6 goblins
  3 hobgoblins
  12 jackals
  2 quokkas
  A ball python (D:3)
  5 frilled lizards
  12 kobolds
  A leopard gecko zombie (D:6)
  10 rats
230 creatures vanquished.

Vanquished Creatures (collateral kills)
  Erolcha (D:9)
  Maurice (D:9)
  Prince Ribbit (D:9)
  2 orc warriors
  2 ogres
  A hound (D:5)
  An orc priest (D:8)
  3 orc wizards
  3 orcs
15 creatures vanquished.

Vanquished Creatures (others)
  An orc (D:5)
1 creature vanquished.

Grand Total: 246 creatures vanquished

Notes
Turn   | Place    | Note
-------+----------+-------------------------------------------
     0 | D:1      | DungeonDestroyer the Gnoll Fighter began the quest for the
                  | Orb.
     0 | D:1      | Reached XP level 1. HP: 23/23 MP: 1/1
   209 | D:1      | Reached XP level 2. HP: 25/29 MP: 2/2
   666 | D:2      | Reached XP level 3. HP: 35/35 MP: 3/3
   788 | D:2      | Found a radiant altar of Vehumet.
   864 | D:2      | Reached skill level 1 in Invocations
   982 | D:2      | Found a glowing silver altar of Zin.
   983 | D:2      | Noticed an angel
   984 | D:2      | Found a shimmering altar of Xom.
  1283 | D:2      | Became a worshipper of Xom of Chaos
  1537 | D:3      | Reached skill level 1 in Short Blades
  1537 | D:3      | Reached skill level 1 in Long Blades
  1537 | D:3      | Reached skill level 1 in Maces & Flails
  1537 | D:3      | Reached skill level 1 in Polearms
  1537 | D:3      | Reached skill level 1 in Staves
  1537 | D:3      | Reached skill level 1 in Slings
  1537 | D:3      | Reached skill level 1 in Bows
  1537 | D:3      | Reached skill level 1 in Crossbows
  1537 | D:3      | Reached skill level 1 in Throwing
  1537 | D:3      | Reached skill level 1 in Dodging
  1537 | D:3      | Reached skill level 1 in Stealth
  1537 | D:3      | Reached skill level 1 in Unarmed Combat
  1537 | D:3      | Reached skill level 1 in Spellcasting
  1537 | D:3      | Reached skill level 1 in Evocations
  1614 | D:3      | Reached XP level 4. HP: 41/41 MP: 5/5
  1683 | D:3      | Found a white marble altar of Elyvilon.
  1688 | D:3      | XOM: potion effect (stabbing)
  1693 | D:3      | Reached skill level 1 in Conjurations
  1693 | D:3      | Reached skill level 1 in Hexes
  1693 | D:3      | Reached skill level 1 in Charms
  1693 | D:3      | Reached skill level 1 in Summonings
  1693 | D:3      | Reached skill level 1 in Necromancy
  1693 | D:3      | Reached skill level 1 in Translocations
  1693 | D:3      | Reached skill level 1 in Transmutations
  1693 | D:3      | Reached skill level 1 in Fire Magic
  1693 | D:3      | Reached skill level 1 in Ice Magic
  1693 | D:3      | Reached skill level 1 in Air Magic
  1693 | D:3      | Reached skill level 1 in Earth Magic
  1693 | D:3      | Reached skill level 1 in Poison Magic
  1841 | D:3      | XOM: silly message
  1912 | D:3      | Found a snail-covered altar of Cheibriados.
  1963 | D:3      | Noticed a moth of wrath
  1966 | D:3      | Found a bloodstained altar of Trog.
  2005 | D:3      | Reached XP level 5. HP: 7/47 MP: 6/6
  2520 | D:3      | XOM: cast spell 'Olgreb's Toxic Radiance'
  2882 | D:4      | Noticed a phantom
  2883 | D:4      | XOM: noise
  2884 | D:4      | XOM: cast spell 'Summon Butterflies'
  2888 | D:4      | XOM: potion effect (might)
  2902 | D:4      | XOM: divination: magic mapping
  2910 | D:4      | Killed a phantom
  2910 | D:4      | Reached XP level 6. HP: 49/53 MP: 8/8
  2912 | D:4      | XOM: divination: detect creatures
  2930 | D:4      | Found a sacrificial altar of Ru.
  2938 | D:4      | Reached skill level 5 in Axes
  3093 | D:4      | HP: 1/53 [ogre/cursed -3 giant club (16)]
  3094 | D:4      | Reached XP level 7. HP: 2/59 MP: 10/10
  3279 | D:4      | XOM: 1-stop teleportation journey
  3305 | D:4      | XOM: give mutations
  3305 | D:4      | Gained mutation: You have large cloven feet. [Xom's
                  | mischief]
  3305 | D:4      | Gained mutation: You are weak. (Str -2) [Xom's mischief]
  3305 | D:4      | Gained mutation: You can translocate small distances at
                  | will. [Xom's mischief]
  3305 | D:4      | Gained mutation: You are robust. (+10% HP) [Xom's mischief]
  3653 | D:4      | Found a shimmering blue altar of Sif Muna.
  3821 | D:5      | Entered Level 5 of the Dungeon
  3835 | D:5      | XOM: silly message
  3845 | D:5      | XOM: scenery: 1 doors open, 2 doors close
  3900 | D:5      | XOM: destruction
  4048 | D:5      | Found a hide-covered altar of Uskayaw.
  4083 | D:5      | Reached XP level 8. HP: 26/73 MP: 12/12
  4338 | D:5      | XOM: scenery: create altars
  5417 | D:6      | Found a hazy altar of Hepliaklqana.
  5458 | D:6      | Found an ancient bone altar of Kikubaaqudgha.
  5481 | D:6      | XOM: cloud trail
  5671 | D:6      | XOM: god gift: wand of clouds (5)
  5859 | D:7      | Found a staircase to the Ecumenical Temple.
  5868 | Temple   | Entered the Ecumenical Temple
  6475 | D:7      | Found Hopuixap's General Store.
  6488 | D:7      | Reached XP level 9. HP: 78/79 MP: 14/14
  6496 | D:7      | Bought an uncursed amulet of the acrobat for 300 gold
                  | pieces
  6496 | D:7      | Bought a potion of magic for 80 gold pieces
  6532 | D:7      | XOM: divination: detect creatures
  6562 | D:7      | XOM: give mutations
  6562 | D:7      | Gained mutation: Your spells are a little harder to cast,
                  | but a little more powerful. [Xom's grace]
  6562 | D:7      | Gained mutation: You possess an exceptional clarity of
                  | mind. [Xom's grace]
  6599 | D:8      | XOM: enchant monster (good)
  6668 | D:8      | Noticed Psyche
  6671 | D:8      | XOM: divination: detect creatures
  6677 | D:8      | Killed Psyche
  6767 | D:8      | XOM: summons 1 hostile shadow creature
  6840 | D:8      | Found an ornate altar of the Wu Jian Council.
  6846 | D:8      | You fall into a shaft and drop 2 floors!
  6846 | D:10     | Entered Level 10 of the Dungeon
  6856 | D:10     | Noticed an oklob plant
  6858 | D:10     | XOM: cast spell 'Leda's Liquefaction'
  6862 | D:10     | XOM: scenery: 2 doors open, 1 doors close
  6933 | D:9      | XOM: polymorph orc warrior -> wolf
  6938 | D:9      | XOM: smoke on damage
  7161 | D:9      | Noticed Erolcha
  7161 | D:9      | Paralysed by Erolcha for 3 turns
  7182 | D:9      | Found an iron altar of Okawaru.
  7182 | D:9      | Noticed Prince Ribbit
  7197 | D:9      | Paralysed by Erolcha for 6 turns
  7202 | D:9      | Killed Erolcha
  7202 | D:9      | Reached skill level 5 in Invocations
  7211 | D:9      | Killed Prince Ribbit
  7781 | D:9      | Noticed Maurice
  7784 | D:9      | XOM: summons friendly iron imp
  7796 | D:9      | XOM: summons 5 hostile demons
  7797 | D:9      | Noticed an ice devil
  7835 | D:9      | Killed Maurice
  7835 | D:9      | Reached XP level 10. HP: 41/88 MP: 17/17
  8044 | D:9      | Found a staircase to the Orcish Mines.
  8444 | D:9      | XOM: summons 4 hostile shadow creatures
  8595 | D:9      | XOM: torment (45/88 hp)
  9371 | D:8      | XOM: give mutations
  9371 | D:8      | Lost mutation: Your spells are a little harder to cast, but
                  | a little more powerful. [Xom's mischief]
  9371 | D:8      | Gained mutation: You are dopey. (Int -2) [Xom's mischief]
  9371 | D:8      | Lost mutation: You are robust. (+10% HP) [Xom's mischief]
  9409 | D:8      | Reached skill level 5 in Short Blades
  9409 | D:8      | Reached skill level 5 in Long Blades
  9409 | D:8      | Reached skill level 5 in Maces & Flails
  9409 | D:8      | Reached skill level 5 in Polearms
  9409 | D:8      | Reached skill level 5 in Staves
  9409 | D:8      | Reached skill level 5 in Slings
  9409 | D:8      | Reached skill level 5 in Bows
  9409 | D:8      | Reached skill level 5 in Crossbows
  9409 | D:8      | Reached skill level 5 in Throwing
  9409 | D:8      | Reached skill level 5 in Dodging
  9409 | D:8      | Reached skill level 5 in Stealth
  9409 | D:8      | Reached skill level 5 in Unarmed Combat
  9409 | D:8      | Reached skill level 5 in Spellcasting
  9409 | D:8      | Reached skill level 5 in Evocations
  9409 | D:8      | XOM: divination: magic mapping
  9650 | D:8      | XOM: scenery: create altars
 10089 | D:8      | XOM: scenery: create altars
 10392 | D:10     | Found a staircase to the Lair.
 10407 | D:10     | Noticed a two-headed ogre
 10419 | D:10     | Killed a two-headed ogre
 10490 | D:10     | You fall into a shaft and drop 1 floor!
 11110 | D:11     | Noticed Grum
 11131 | D:11     | Killed Grum
 11152 | D:11     | Reached XP level 11. HP: 32/87 MP: 19/19
 11415 | D:10     | XOM: cleaving
 11881 | D:10     | Identified the cursed +2 mace of Vapyfite {holy, rPois rF+}
 11988 | D:11     | Noticed a manticore
 11989 | D:11     | XOM: smoke on damage
 12002 | D:11     | HP: 1/87 [manticore (16)]
 12002 | D:11     | Slain by a manticore

Illustrated notes

Levels and vault maps discovered:
D:1:      minmay_arrival_widening_spiral_wide, layout_rooms, minmay_tetromino_s4
D:2:      layout_loops_ring, grunt_temple_overflow_order_and_chaos_1,
          lemuel_crystal_altar
D:3:      layout_loops_corners, tgw_trog, lemuel_doored_altar,
          lemuel_coloured_pillars_altar
D:4:      layout_cave_pools, nicolae_ru_awakened_eye, minivault_14, led_sif_pool
D:5:      layout_basic, eat_drink_and_be_merry_uskayaw, first_ration
D:6:      layout_basic, kiku_gazebo_pond_becter, lemuel_crystal_altar
D:7:      layout_gridville, minmay_temple_entry_grid, serial_shops, shop
D:8:      layout_loops_ring, lemuel_crystal_altar, uniq_psyche
D:9:      minmay_evil_eye, layout_cave_pools, lemuel_round_altar, orc_0_dummy,
          uniq_prince_ribbit1, uniq_maurice, uniq_erolcha
D:10:     layout_roguey, dpeg_oklobed_lair
D:11:     layout_long_grid, uniq_grum
Temple:   eino_wide_crystal_templ

Skill      XL: |  1  2  3  4  5  6  7  8  9 10 |
---------------+-------------------------------+-----
Invocations    | 1 2 3 4 5 6 |  6.4
Short Blades   | 1 2 3 4 5 |  5.9
Long Blades    | 1 2 3 4 5 |  5.9
Maces & Flails | 1 2 3 4 5 |  5.9
Polearms       | 1 2 3 4 5 |  5.9
Staves         | 1 2 3 4 5 |  5.9
Slings         | 1 2 3 4 5 |  5.9
Bows           | 1 2 3 4 5 |  5.9
Crossbows      | 1 2 3 4 5 |  5.9
Throwing       | 1 2 3 4 5 |  5.9
Dodging        | 1 2 3 4 5 |  5.9
Stealth        | 1 2 3 4 5 |  5.9
Unarmed Combat | 1 2 3 4 5 |  5.9
Spellcasting   | 1 2 3 4 5 |  5.9
Evocations     | 1 2 3 4 5 |  5.9
Conjurations   | 1 2 3 4 |  4.8
Hexes          | 1 2 3 4 |  4.8
Charms         | 1 2 3 4 |  4.8
Summonings     | 1 2 3 4 |  4.8
Necromancy     | 1 2 3 4 |  4.8
Translocations | 1 2 3 4 |  4.8
Transmutations | 1 2 3 4 |  4.8
Fire Magic     | 1 2 3 4 |  4.8
Ice Magic      | 1 2 3 4 |  4.8
Air Magic      | 1 2 3 4 |  4.8
Earth Magic    | 1 2 3 4 |  4.8
Poison Magic   | 1 2 3 4 |  4.8
Axes           | 5 6 7 |  7.5
Fighting       | 7 8 |  8.9
Armour         | 7 8 |  8.9
Shields        | 7 8 |  8.9

Action                   |  1- 3 |  4- 6 |  7- 9 | 10-12 || total
-------------------------+-------+-------+-------+-------++-------
Melee: War axe           |    76 |   113 |   292 |   303 ||   784
       Bite              |     6 |    14 |    32 |    34 ||    86
       Kick              |       |       |    97 |   110 ||   207
  Use: Scroll            |     8 |     1 |     5 |     3 ||    17
       Potion            |     4 |     1 |     5 |       ||    10
 Stab: Invisible         |       |       |     2 |       ||     2
       Distracted        |       |       |     1 |     1 ||     2
  Eat: Chunk             |     1 |     5 |     4 |     2 ||    12
       Ration            |       |     1 |     4 |     2 ||     7
Armor: Scale mail        |    27 |    36 |    47 |       ||   110
       Chain mail        |       |       |    75 |    31 ||   106
       Plate armour      |       |       |       |    79 ||    79
Dodge: Dodged            |    23 |    34 |   127 |   129 ||   313
Block: Kite shield       |    49 |    77 |   227 |   217 ||   570
